AoeStats
← TM Caesar

Arena

508309910Analyzed
1v1 RM · 11d ago on Sep 21, 2026· 39m 28s· 2 players
Game mode
Random Map
Map size
Tiny (2 player)
Population
200
Speed
Normal
Resources
Standard
Victory
Conquest
Starting age
Dark Age
Ending age
Imperial Age
RankedLock teamsTeams togetherTeam positionsShared explorationLock speedFull tech treeHidden civsTurbo modeCheats
Victory
Defeat
🇦🇷 Poles · Argentina
1620
+18
🇨🇴 Celts · Colombia
1668
-18
TM Caesar
4:59 Loom
9:14 Feudal Age
9:41 Double-Bit Axe
9:39 Horse Collar
16:06 Castle Age
17:02 Bow Saw
16:53 Heavy Plow
18:58 Gold Mining
22:12 Wheelbarrow
22:10 Squires
23:30 Stone Mining
27:54 Imperial Age
25:55 Fletching
26:39 Bodkin Arrow
26:07 Crossbowman
27:44 Ballistics
27:40 Forging
28:17 Hand Cart
29:34 Chemistry
28:56 Conscription
29:30 Bracer
29:45 Thumb Ring
30:38 Iron Casting
30:42 Bloodlines
30:56 Husbandry
30:43 Town Watch
31:19 Padded Archer Armor
30:55 Arbalester
32:14 Siege Engineers
32:16 Scale Mail Armor
31:45 Light Cavalry
33:08 Scale Barding Armor
34:25 Blast Furnace
34:19 Chain Mail Armor
35:17 Lechitic Legacy
35:21 Chain Barding Armor
36:52 Masonry
36:19 Winged Hussar
37:29 Leather Archer Armor
38:03 Murder Holes
39:06 Plate Mail Armor
TRYHC_WRYPIG
10:51 Feudal Age
15:32 Castle Age
14:17 Double-Bit Axe
16:20 Horse Collar
17:08 Pikeman
19:41 Scale Mail Armor
23:22 Bow Saw
24:22 Stone Mining
25:39 Wheelbarrow
24:50 Loom
25:15 Man-at-Arms
25:41 Gambesons
26:31 Long Swordsman
30:28 Imperial Age
27:46 Town Watch
28:16 Gold Mining
29:13 Chain Mail Armor
29:08 Forging
29:28 Ballistics
31:18 Hand Cart
30:29 Heavy Scorpion
30:36 Halberdier
32:25 Chemistry
30:51 Capped Ram
33:07 Plate Mail Armor
32:37 Two-Handed Swordsman
33:03 Arson
33:39 Siege Ram
35:19 Champion
36:39 Siege Engineers
37:44 Plate Mail Armor
Connection lost

Rejoining the realm…

Still unreachable

The connection could not be restored.

Session expired

The server has moved on; the page needs a fresh start.